 Dungeon Crawl Stone Soup version 0.24-a0-762-gca426f56c8 (webtiles) character file.

Game seed: 10656776609031684273, levelgen mode: deterministic

30352 MalarOregon the Thaumaturge (level 13, -8/101 HPs)
             Began as a Purple Draconian Conjurer on Oct 3, 2019.
             Was an Elder of Hepliaklqana.
             Killed from afar by an ice statue (32 damage)
             ... with a shard of ice
             ... in an ice cave on Oct 4, 2019.
             The game lasted 00:47:58 (16599 turns).

MalarOregon the Thaumaturge (DrCj)                 Turns: 16599, Time: 00:47:58

Health: -8/101     AC: 14    Str: 11    XL:     13   Next: 20%
Magic:  6/28       EV: 12    Int: 20    God:    Hepliaklqana [****..]
Gold:   101        SH: 11    Dex: 12    Spells: 5/35 levels left

rFire    . . .     SeeInvis .   a - staff of wizardry {!a}
rCold    . . .     Gourm    .   m - +0 buckler
rNeg     . . .     Faith    .   (armour unavailable)
rPois    .         Spirit   .   H - +2 hat
rElec    .         Reflect  +   F - +0 cloak
rCorr    +         Harm     .   r - +0 pair of gloves
MR       +....                  t - +1 pair of boots
Stlth    ++........             x - +6 amulet of reflection
HPRegen  0.26/turn              s - ring of resist corrosion
MPRegen  0.21/turn              B - ring of wizardry

@: no status effects
A: breathe power, unfitting armour, reduced essence, cold-blooded, AC +8
a: Breathe Dispelling Energy, Recall Ancestor, Ancestor Identity, Transference,
Idealise, Renounce Religion


You were in an ice cave.
You worshipped Hepliaklqana.
Hepliaklqana was greatly pleased with you.
You were not hungry.

You visited 3 branches of the dungeon, and saw 14 of its levels.
You also visited: Bailey and Ice Cave.

You collected 948 gold pieces.
You spent 847 gold pieces at shops.

Inventory:

Armour
 m - a +0 buckler (worn)
   (You found it on level 1 of the Dungeon)
 r - a +0 pair of gloves (worn)
   (You found it on level 2 of the Dungeon)
 t - a +1 pair of boots (worn)
   (You found it on level 5 of the Dungeon)
 F - a +0 cloak (worn)
   (You bought it in a shop on level 7 of the Dungeon)
 H - a +2 hat (worn)
   (You took it off Gastronok on level 8 of the Dungeon)
Magical Staves
 a - an uncursed staff of wizardry (weapon) {!a}
   (You found it on level 8 of the Dungeon)
Jewellery
 b - an uncursed ring of fire {unknown}
   (You found it in an ice cave)
 s - a ring of resist corrosion (left hand)
   (You found it on level 4 of the Dungeon)
 x - a +6 amulet of reflection (around neck)
   (You found it on level 6 of the Dungeon)
 B - a ring of wizardry (right hand)
   (You found it on level 6 of the Dungeon)
Wands
 c - a wand of disintegration (25)
   (You found it on level 10 of the Dungeon)
 d - a wand of iceblast (6)
   (You found it on level 8 of the Dungeon)
 u - a wand of paralysis (7)
   (You found it on level 10 of the Dungeon)
 O - a wand of polymorph (10)
   (You found it on level 5 of the Dungeon)
Scrolls
 f - 4 scrolls of enchant armour
 h - 4 scrolls of enchant weapon
 i - 2 scrolls of blinking
 n - a scroll of immolation {!r}
 o - 5 scrolls of teleportation {@r4}
 p - 10 scrolls of remove curse {@r2}
 v - a scroll of fog
 y - 3 scrolls of amnesia
 z - 2 scrolls of identify {@r1}
 I - a scroll of brand weapon
 J - a scroll of torment {!r}
 L - a scroll of holy word
Potions
 g - a potion of haste {@q3}
 j - 2 potions of brilliance
 k - 5 potions of lignification {!q}
 l - 4 potions of might
 q - a potion of flight {unknown}
 w - a potion of agility
 A - 5 potions of heal wounds {@q2}
 C - a potion of magic
 G - a potion of berserk rage
 Q - 7 potions of curing {@q1}
Miscellaneous
 K - a phial of floods
   (You found it in a bailey)
Comestibles
 e - 15 rations {!d}


   Skills:
 + Level 10.1 Fighting
 + Level 2.4 Staves
 + Level 2.3 Dodging
 - Level 1.7 Stealth
 + Level 4.4 Shields
 + Level 11.8 Spellcasting
 - Level 10.1 Conjurations
 + Level 7.6 Hexes
 + Level 1.5 Necromancy
 + Level 1.8 Translocations
 + Level 2.5 Air Magic
 + Level 1.4 Earth Magic
 + Level 7.6 Invocations
 + Level 7.6 Evocations


You had 5 spell levels left.
You knew the following spells:

 Your Spells              Type           Power        Failure   Level  Hunger
a - Magic Dart            Conj           ####         1%          1    None
b - Force Lance           Conj/Tloc      #####...     1%          4    #......
c - Tornado               Air            ###.......   100%        9    #######
f - Borgnjor's Vile Clut  Necr/Erth      ###.......   22%         5    ####...
s - Dazzling Spray        Conj/Hex       #####.       1%          3    None
x - Iskenderun's Mystic   Conj           ######..     1%          4    #......
z - Fulminant Prism       Conj/Hex       #####.....   1%          4    #......

Your spell library contained the following spells:

 Spells                   Type           Power        Failure   Level  Hunger
 Animate Skeleton         Necr           N/A          1%          1    None
 Apportation              Tloc           ###...       1%          1    None
 Confusing Touch          Hex            #####.       1%          1    None
 Flame Tongue             Conj/Fire      ####.        1%          1    None
 Pain                     Necr           ###.         1%          1    None
 Summon Small Mammal      Summ           ##..         1%          1    None
 Searing Ray              Conj           ######       1%          2    None
 Slow                     Hex            #####...     1%          2    None
 Throw Flame              Conj/Fire      ####..       1%          2    None
 Confuse                  Hex            #####...     1%          3    None
 Conjure Flame            Conj/Fire      ####....     1%          3    None
 Inner Flame              Hex/Fire       ####....     1%          3    None
 Spectral Weapon          Hex/Chrm       ####....     1%          3    None
 Sticky Flame             Conj/Fire      ####....     1%          4    #......
 Vampiric Draining        Necr           ###.......   2%          3    None
 Regeneration             Chrm/Necr      ##........   3%          3    None
 Fireball                 Conj/Fire      ####......   5%          5    ####...
 Silence                  Hex/Air        ####......   5%          5    ####...
 Animate Dead             Necr           N/A          9%          4    #......
 Summon Lightning Spire   Summ/Air       ###.....     10%         4    #......
 Conjure Ball Lightning   Conj/Air       #####.....   17%         6    ######.
 Deflect Missiles         Chrm/Air       ###.......   75%         6    ######.


Dungeon Overview and Level Annotations

Branches:
Dungeon (11/15)            Temple (1/1) D:5            Lair (2/6) D:10
 Shoals (0/4) Lair:2          Orc (0/2) D:9          Bailey (visited)
  IceCv (1/1)
  Snake: Lair:2-4    Spider: Lair:2-4

Altars:
Ashenzari
Cheibriados
Dithmenos
Elyvilon
Fedhas
Gozag
Hepliaklqana
Kikubaaqudgha
Makhleb
Nemelex Xobeh
Okawaru
Qazlal
Ru
Sif Muna
Trog
Uskayaw
Vehumet
Wu Jian
Xom
Yredelemnul
Zin
The Shining One

Shops:
D:7 [   D:9 *

Annotations:
IceCv exclusion: 3 ice statues


Innate Abilities, Weirdness & Mutations

You can breathe bolts of dispelling energy.
Your rich purple scales are hard. (AC +8)
You cannot fit into any form of body armour.
You are cold-blooded and may be slowed by cold attacks.
Your life essence is reduced to manifest your ancestor. (-10% HP)


Message History

The blast of energy engulfs the ice statue!!
You conjure a prism of explosive energy!
You block the ice beast's attack.
The white ugly thing trunk-slaps Tepiltzin!
Tepiltzin is destroyed!
You block the ice beast's attack. The ice statue gestures at you.
The bolt of cold hits the ice beast.
The ice beast completely resists.
The bolt of cold hits you!!
* * * LOW HITPOINT WARNING * * *
Unknown command.
You conjure a prism of explosive energy!
The ice beast hits you but does no damage.
Your fulminant prism crackles loudly.
You barely miss the white ugly thing.
The ice beast hits your fulminant prism.
The ice beast freezes your fulminant prism.
Your fulminant prism resists.
The white ugly thing completely misses you.
You block the ice beast's attack.
Your fulminant prism crackles loudly.
The blast of energy engulfs the ice beast!
You kill the ice beast!
The blast of energy engulfs the ice statue!
The blast of energy engulfs the white ugly thing!
You kill the white ugly thing!
You hear a horrible gurgling sound!
The ice beast hits you.
* * * LOW HITPOINT WARNING * * *
The ice beast freezes you!
You feel yourself slow down.
* * * LOW HITPOINT WARNING * * *
The blast of energy engulfs the ice beast!!
You kill the ice beast!
The blast of energy engulfs the ice statue!!
The ice statue gestures.
Unknown command.
You conjure a prism of explosive energy!
The ice statue gestures.
You conjure a prism of explosive energy!
You feel yourself speed up.
The ice statue glitters chillingly in the dim dungeon light.
The ice statue gestures at you.
The bolt of cold hits the ice beast.
The ice beast completely resists.
The bolt of cold hits you!
* * * LOW HITPOINT WARNING * * *
Your fulminant prism crackles loudly.
The ice statue gestures.
The ice statue gestures at you. The shard of ice hits you!!
You die...

###.###
##.....##
##.......##
#.........#
#.........#
#.........#
#.........#
#(......(.#
#####@#####
#8.......8#
#......YY.#
#.Y*...*..#
#.........#
#.........#
##.......##
##.....##
###8###


You could see 2 ice statues, 3 ice beasts and 2 friendly fulminant prisms.

Vanquished Creatures
  An orc warlord (Bailey)
  2 ugly things
  A cyclops (D:10)
  A komodo dragon (Lair:2)
  2 trolls
  Prince Ribbit (D:9)
  A blink frog (Lair:2)
  2 hippogriffs
  Sigmund (D:5)
  A spriggan (D:7)
  4 yaks
  A basilisk (D:10)
  Edmund (D:4)
  An acid dragon (D:11)
  4 porcupines
  2 water moccasins
  6 orc warriors
  A black bear (D:6)
  2 eyes of draining
  A necrophage (D:6)
  9 ice beasts
  A phantom (D:8)
  2 ogres
  A wolf (D:8)
  A centaur (D:7)
  2 crocodiles
  A big kobold (D:11)
  5 bullfrogs
  A gnoll sergeant (D:9)
  5 scorpions
  A killer bee (D:7)
  3 wights (D:6)
  An electric eel (Lair:1)
  3 crimson imps (D:6)
  2 jellies
  A quasit (D:7)
  3 hounds
  3 orc priests
  6 orc wizards
  2 battlemagi
  3 iguanas (D:7)
  4 worker ants
  An ancestor (D:6)
  A hound zombie (D:10)
  5 gnolls (D:9)
  12 adders
  4 shadow imps
  2 oozes
  An adder zombie (D:7)
  An adder skeleton (D:7)
  2 worms
  3 dart slugs
  6 leopard geckos
  30 orcs
  9 giant cockroaches
  9 goblins
  10 hobgoblins
  9 jackals
  13 kobolds
  A quokka (D:11)
  A ball python (D:2)
  17 bats
  5 frilled lizards
  A leopard gecko skeleton (D:4)
  A leopard gecko zombie (D:6)
  6 rats
246 creatures vanquished.

Vanquished Creatures (collateral kills)
  Gastronok (D:8)
  3 two-headed ogres
  Pikel (D:8)
  Psyche (D:8)
  Grinder (D:5)
  A hippogriff (Lair:2)
  A blink frog (Lair:2)
  4 yaks
  A wyvern (D:6)
  A basilisk (D:10)
  Eustachio (D:4)
  Grum (D:8)
  A water moccasin (Lair:2)
  A porcupine (Lair:2)
  7 ice beasts
  2 orc warriors
  2 sky beasts (D:7)
  2 phantoms
  A necrophage (D:6)
  2 wolves (D:8)
  4 ogres
  A centaur (D:8)
  A big kobold (D:7)
  5 bullfrogs
  8 scorpions
  2 wights (D:6)
  2 bullfrog zombies
  2 hounds (D:7)
  A jelly (D:11)
  2 orc wizards
  An iguana (D:9)
  2 killer bee zombies (D:6)
  A hound skeleton (D:7)
  4 gnolls (Bailey)
  4 adders
  An adder skeleton (D:6)
  A leopard gecko (D:8)
  3 orcs
  A hobgoblin (Bailey)
  2 jackals
  2 quokkas
  2 bats (D:5)
  10 kobolds
  A leopard gecko skeleton (D:6)
  A fungus (D:5)
  A plant (Lair:1)
100 creatures vanquished.

Vanquished Creatures (others)
  11 battlemagi
  2 ancestors
  A bush (D:10)
  42 fulminant prisms
  10 fungi
  12 plants (D:10)
78 creatures vanquished.

Grand Total: 424 creatures vanquished

Notes
Turn   | Place    | Note
-------+----------+-------------------------------------------
     0 | D:1      | MalarOregon the Draconian Conjurer began the quest for the
                  | Orb.
     0 | D:1      | Reached XP level 1. HP: 14/14 MP: 3/3
   101 | D:1      | Reached skill level 1 in Fighting
   101 | D:1      | Reached XP level 2. HP: 5/23 MP: 0/5
   769 | D:1      | Reached XP level 3. HP: 28/28 MP: 6/6
   774 | D:1      | Learned a level 3 spell: Dazzling Spray
  1425 | D:2      | Reached XP level 4. HP: 16/36 MP: 0/8
  1705 | D:2      | Reached skill level 1 in Shields
  2414 | D:3      | Noticed a bullfrog
  2421 | D:3      | Learned a level 4 spell: Iskenderun's Mystic Blast
  2441 | D:2      | Killed a bullfrog
  2441 | D:2      | Reached skill level 3 in Spellcasting
  2441 | D:2      | Reached XP level 5. HP: 21/42 MP: 4/9
  2694 | D:3      | Found a hazy altar of Hepliaklqana.
  2979 | D:3      | Found a bloodstained altar of Trog.
  2991 | D:3      | Found a shattered altar of Ashenzari.
  3291 | D:3      | Became a worshipper of Hepliaklqana the Forgotten
  3330 | D:4      | Noticed a phantom
  3345 | D:4      | Killed a phantom
  3345 | D:4      | Reached skill level 5 in Conjurations
  3345 | D:4      | Reached XP level 6. HP: 30/45 MP: 0/11
  3521 | D:4      | Noticed Edmund
  3539 | D:4      | HP: 1/45 [Edmund/+6 flail of crushing (4)]
  3557 | D:4      | Killed Edmund
  3908 | D:4      | Noticed Eustachio
  3953 | D:4      | Killed Eustachio
  3953 | D:4      | Your scales start taking on a rich purple colour.
  3953 | D:4      | Reached skill level 4 in Spellcasting
  3953 | D:4      | Reached XP level 7. HP: 14/51 MP: 0/13
  4567 | D:4      | Found a glowing golden altar of the Shining One.
  4616 | D:5      | Entered Level 5 of the Dungeon
  4653 | D:5      | Reached skill level 5 in Spellcasting
  4659 | D:5      | Learned a level 4 spell: Force Lance
  4664 | D:5      | Learned a level 4 spell: Fulminant Prism
  5072 | D:5      | Found Puima's Magic Scroll Shoppe.
  5081 | D:5      | Bought a scroll of remove curse for 42 gold pieces
  5081 | D:5      | Bought a scroll of fear for 49 gold pieces
  5081 | D:5      | Bought a scroll of identify for 28 gold pieces
  5081 | D:5      | Bought a scroll of identify for 28 gold pieces
  5081 | D:5      | Bought a scroll of random uselessness for 14 gold pieces
  5194 | D:5      | Noticed Grinder
  5212 | D:5      | Killed Grinder
  5212 | D:5      | Reached skill level 5 in Fighting
  5212 | D:5      | Reached XP level 8. HP: 48/61 MP: 4/16
  5300 | D:5      | Reached * piety under Hepliaklqana
  5308 | D:5      | Noticed Sigmund
  5403 | D:5      | Reached skill level 6 in Spellcasting
  5519 | D:5      | Found a snail-covered altar of Cheibriados.
  5537 | D:5      | Killed Sigmund
  6032 | D:5      | Found a staircase to the Ecumenical Temple.
  6602 | Temple   | Entered the Ecumenical Temple
  6806 | D:6      | Reached skill level 7 in Spellcasting
  7142 | D:6      | Reached XP level 9. HP: 65/70 MP: 9/19
  7171 | D:6      | Found a shimmering altar of Xom.
  7173 | D:6      | Found a shimmering altar of Xom.
  7229 | D:6      | Found a shimmering blue altar of Sif Muna.
  7296 | D:6      | Reached ** piety under Hepliaklqana
  7319 | D:6      | Found a shimmering altar of Xom.
  7319 | D:6      | Found a shimmering altar of Xom.
  8210 | D:7      | Reached skill level 8 in Spellcasting
  8345 | D:7      | Remembered your ancestor Tepiltzin as a battlemage
  8623 | D:7      | Found Jyonoss's Antique Armour Shop.
  8633 | D:7      | Bought a cloak for 144 gold pieces
  8983 | D:7      | Reached skill level 9 in Spellcasting
  9010 | D:8      | Noticed Gastronok
  9130 | D:8      | Reached XP level 10. HP: 81/81 MP: 19/23
  9147 | D:8      | Noticed a two-headed ogre
  9160 | D:8      | Killed a two-headed ogre
  9300 | D:8      | Noticed Pikel
  9309 | D:8      | Killed Pikel
  9604 | D:8      | Noticed Grum
  9616 | D:8      | Killed Grum
  9616 | D:8      | Reached skill level 10 in Spellcasting
  9743 | D:8      | Noticed Psyche
  9820 | D:8      | Killed Psyche
  9820 | D:8      | Reached skill level 10 in Fighting
  9820 | D:8      | Reached skill level 10 in Conjurations
 10330 | D:8      | Killed Gastronok
 10330 | D:8      | Reached XP level 11. HP: 40/89 MP: 0/25
 10614 | D:9      | Noticed Prince Ribbit
 10626 | D:9      | Killed Prince Ribbit
 10765 | D:9      | Noticed a two-headed ogre
 10833 | D:9      | Killed a two-headed ogre
 11288 | D:9      | Noticed a purple ugly thing
 11297 | D:9      | Killed a purple ugly thing
 11789 | D:9      | Reached *** piety under Hepliaklqana
 11866 | D:9      | Found a staircase to the Orcish Mines.
 11925 | D:9      | Found Ineawk's Assorted Antiques.
 11930 | D:9      | Bought a scroll labeled EFUEKI OTROGIT for 35 gold pieces
 11930 | D:9      | Bought a scroll labeled DIAJYKHIELE for 35 gold pieces
 12068 | D:5      | Bought a scroll of torment for 105 gold pieces
 12218 | D:9      | Bought a scroll of teleportation for 105 gold pieces
 12743 | D:10     | Entered Level 10 of the Dungeon
 12854 | D:10     | Noticed a two-headed ogre
 12864 | D:10     | Killed a two-headed ogre
 13310 | D:10     | Reached skill level 11 in Spellcasting
 13808 | D:10     | Reached skill level 5 in Hexes
 13808 | D:10     | Reached skill level 5 in Invocations
 13808 | D:10     | Reached skill level 5 in Evocations
 13825 | D:10     | Found a staircase to the Lair.
 14347 | D:10     | Learned a level 9 spell: Tornado
 14363 | D:11     | Found a flagged portal.
 14375 | D:11     | Got an ichor-stained hand axe
 14378 | Bailey   | Entered a bailey
 14384 | Bailey   | Noticed an orc warlord
 14519 | Bailey   | Found a runed translucent gate.
 14519 | Bailey   | Found a runed translucent gate.
 14519 | Bailey   | Found a runed translucent gate.
 14730 | Bailey   | Killed an orc warlord
 14730 | Bailey   | Reached skill level 1 in Staves
 14730 | Bailey   | Reached skill level 1 in Air Magic
 15057 | D:9      | Bought a scroll of blinking for 262 gold pieces
 15156 | D:11     | Identified the cursed +0 hand axe of Annihilation {chop,
                  | rF+ MR- SInv Stlth+} (You found it on level 11 of the
                  | Dungeon)
 15225 | D:11     | Identified a scroll of acquirement
 15226 | D:11     | Reached XP level 12. HP: 95/95 MP: 27/27
 15227 | D:11     | Identified the Catalogue of Earthen Malediction (You
                  | acquired it on level 11 of the Dungeon)
 15235 | D:11     | Learned a level 5 spell: Borgnjor's Vile Clutch
 15377 | D:10     | Reached XP level 13. HP: 101/101 MP: 18/28
 15415 | Lair:1   | Entered Level 1 of the Lair of Beasts
 15822 | Lair:1   | Reached **** piety under Hepliaklqana
 15850 | Lair:1   | Got a pair of scorched boots
 15861 | Lair:1   | Identified the +1 pair of boots "Giep" {-Cast +Fly rPois
                  | SInv} (You found it on level 1 of the Lair of Beasts)
 16051 | Lair:2   | Reached skill level 1 in Translocations
 16128 | Lair:2   | Reached skill level 1 in Necromancy
 16143 | Lair:2   | Reached skill level 1 in Earth Magic
 16159 | Lair:2   | Found a frozen archway.
 16482 | IceCv    | Entered an ice cave
 16599 | IceCv    | Killed from afar by an ice statue

Levels and vault maps discovered:
D:1:      scummos_arrival_simple_crosswalls, layout_loops_ring,
          minmay_tromino_v4_b
D:2:      layout_basic
D:3:      layout_rooms, old_standard_altar, amethyst_overflow_temple_binary,
          dk_noncrumbling_3, dk_noncrumbling_4
D:4:      layout_cave_pools, nicolae_tso_swordbearing_angel, first_ration,
          uniq_edmund, uniq_eustachio
D:5:      old_forge, layout_layer_cave, kennysheep_mini_moat,
          minmay_temple_entry_glassed_door, serial_shops, shop, uniq_grinder,
          uniq_sigmund
D:6:      layout_cave_pools, xom_redecorated, nicolae_overflow_crystal_walls
D:7:      cheibrodos_fzero, layout_basic, serial_shops, shop, the_bakery,
          corexii_item_surrounded_by_moat, st_stairs_5
D:8:      layout_loops_ring, kennysheep_small_circle, uniq_pikel, uniq_psyche,
          uniq_grum, uniq_gastronok
D:9:      layout_loops_ring, hiddenorc1_lemuel, serial_shops, shop,
          chequers_serial_rivers_marsh, hangedman_abyss_or_decor_stagger,
          uniq_prince_ribbit1
D:10:     layout_roguey, minmay_lair_entry_grove, columned_hall_lemuel
D:11:     layout_roguey, enter_bailey_2
Temple:   minmay_freezing_vapour_temple
Lair:1:   layout_hall_layers, infiniplex_staircase_pool, serial_bayou_shore_a
Lair:2:   layout_hall_layers, elwin_shoals_entry_rooms,
          portal_ice_cave_entry_ice_beasts
IceCv:    ice_cave_statue_garden_chambered

Skill      XL: |  1  2  3  4  5  6  7  8  9 10 11 12 13 |
---------------+----------------------------------------+-----
Fighting       | 1 2 3 5 6 8 10 | 10.1
Shields        | 2 3 4 |  4.4
Spellcasting   | 3 4 5 7 9 10 11 | 11.8
Conjurations   | 5 6 7 9 10 | 10.1
Hexes          | 2 7 |  7.6
Invocations    | 2 7 |  7.6
Evocations     | 2 7 |  7.6
Staves         | 1 2 |  2.4
Air Magic      | 1 2 |  2.5
Translocations | 1 |  1.8
Dodging        | 2 |  2.3
Necromancy     | 1 |  1.5
Earth Magic    | 1 |  1.4
Stealth        | |  1.7

Action                   |  1- 3 |  4- 6 |  7- 9 | 10-12 | 13-15 || total
-------------------------+-------+-------+-------+-------+-------++-------
Melee: Dagger            |   107 |    81 |   153 |   198 |       ||   539
       Tailslap          |    10 |     9 |    24 |    46 |     4 ||    93
       Long sword        |       |       |    56 |       |       ||    56
       Staff             |       |       |       |    34 |    31 ||    65
       Falchion          |       |       |       |    30 |       ||    30
 Cast: Magic Dart        |    49 |    87 |    75 |    32 |     8 ||   251
       Dazzling Spray    |       |     4 |    50 |    71 |    10 ||   135
       Iskenderun's Myst |       |       |     7 |    43 |    14 ||    64
       Fulminant Prism   |       |       |     6 |    26 |    12 ||    44
Invok: Ancestor Life: Ba |       |       |     1 |       |       ||     1
       Recall Ancestor   |       |       |       |     2 |     2 ||     4
 Abil: Breathe Dispellin |       |       |       |     2 |       ||     2
Evoke: Wand              |       |       |       |     1 |       ||     1
  Use: Potion            |       |     1 |     1 |     1 |       ||     3
       Scroll            |       |       |     7 |    17 |     2 ||    26
 Stab: Sleeping          |     2 |       |     4 |     1 |       ||     7
       Invisible         |       |     4 |    11 |    15 |     1 ||    31
       Distracted        |       |       |     1 |     1 |       ||     2
  Eat: Chunk             |     2 |     8 |    17 |    16 |     4 ||    47
       Ration            |       |       |     1 |     2 |       ||     3
Armor: Skin              |    23 |    35 |    82 |   101 |    15 ||   256
Dodge: Dodged            |    94 |    71 |   165 |   166 |    16 ||   512
Block: Buckler           |     1 |    23 |    57 |    61 |    38 ||   180
       Rpst.: Long sword |       |       |    18 |       |       ||    18
       Falchion          |       |       |       |    11 |       ||    11

Table legend:
 A = Non-vault XP
 B = Vault XP
 C = Vault XP percentage of total XP
 D = Non-vault monster count
 E = Vault monster count
 F = Vault count percentage of total count
                 A         B        C        D         E       F
            +---------+---------+-------+---------+---------+-------
      Total |   14234 |   13144 |  48.0 |     226 |     115 |  33.7
            +---------+---------+-------+---------+---------+-------
        D:1 |      52 |       9 |  14.8 |      28 |       2 |   6.7
        D:2 |     176 |       0 |   0.0 |      24 |       0 |   0.0
        D:3 |      57 |       0 |   0.0 |      18 |       0 |   0.0
        D:4 |     340 |     345 |  50.4 |      11 |       2 |  15.4
        D:5 |     404 |     826 |  67.2 |       8 |      16 |  66.7
        D:6 |    1126 |       0 |   0.0 |      22 |       0 |   0.0
        D:7 |     987 |     990 |  50.1 |      23 |      14 |  37.8
        D:8 |    2302 |    3979 |  63.3 |      21 |       9 |  30.0
        D:9 |    3089 |     564 |  15.4 |      33 |      18 |  35.3
       D:10 |    1982 |    1891 |  48.8 |       9 |      12 |  57.1
       D:11 |     999 |       0 |   0.0 |      14 |       0 |   0.0
     Lair:1 |    1143 |       0 |   0.0 |       8 |       0 |   0.0
     Lair:2 |    1577 |    1030 |  39.5 |       7 |       8 |  53.3
     Bailey |       0 |    2167 | 100.0 |       0 |      27 | 100.0
      IceCv |       0 |    1343 | 100.0 |       0 |       7 | 100.0
            +---------+---------+-------+---------+---------+-------
